 Dungeon Crawl Stone Soup version 0.29.0-4-gdea44cf6ec (webtiles) character file.

Game seed: 4704243968942761918

53 qw the Chopper (level 3, -1/35 HPs)
             Began as an Ogre Enchanter on Sept 3, 2022.
             Slain by a worm (6 damage)
             ... on level 2 of the Dungeon.
             The game lasted 00:01:35 (2836 turns).

qw the Chopper (Ogre Enchanter)                     Turns: 2836, Time: 00:01:35

Health: -1/35      AC:  3    Str: 14    XL:     3   Next: 89%
Magic:  6/6        EV:  9    Int: 16    God:
Gold:   33         SH:  0    Dex:  9    Spells: 6/6 levels left

rFire   . . .      SeeInvis .   e - +0 whip
rCold   . . .      Faith    .   (no shield)
rNeg    . . .      Spirit   .   b - +0 robe
rPois   .          Reflect  .   (helmet restricted)
rElec   .          Harm     .   (no cloak)
rCorr   .          Rampage  .   (gloves unavailable)
Will    .....                   (boots unavailable)
Stlth   ++........              (no amulet)
HPRegen 0.11/turn               (no ring)
MPRegen 0.10/turn               (no ring)

@: no status effects
A: large, unfitting armour, tough skin 1
a: no special abilities


You were on level 2 of the Dungeon.
You visited 1 branch of the dungeon, and saw 2 of its levels.

You collected 33 gold pieces.


Innate Abilities, Weirdness & Mutations

You are too large for most types of armour.
You have tough skin. (AC +1)


   Skills:
 - Level 2.0 Fighting
 - Level 0.8 Short Blades
 + Level 2.9 Axes
 - Level 1.7 Dodging
 - Level 2.1 Stealth
 - Level 2.4 Spellcasting
 - Level 2.6 Hexes


You had 6 spell levels left.
You didn't know any spells.
Your spell library contained the following spells:

 Spells                   Type           Power      Damage    Failure   Level
 Ensorcelled Hibernation  Hex/Ice        12%        N/A       17%         2
 Confusing Touch          Hex            10%        N/A       21%         3
 Tukima's Dance           Hex            10%        N/A       21%         3
 Dazzling Flash           Conj/Hex       12%        N/A       34%         3

Inventory:

Hand Weapons
 e - a +0 whip (weapon)
Armour
 b - a +0 robe (worn)
Jewellery
 f - a ring of willpower
Scrolls
 c - a scroll of enchant weapon {unknown}
Potions
 a - 2 potions of curing {unknown}
 d - a potion of lignification {unknown}

Dungeon Overview and Level Annotations

Branches:
Dungeon (2/15)

Altars:


Message History

The worm bites you!
You hit the worm.
The worm is heavily wounded.
The worm closely misses you.
You hit the worm but do no damage.
The worm is moderately wounded.
You hit the worm.
The worm is heavily wounded.
The worm bites you.
You hit the worm.
The worm is severely wounded.
You barely miss the worm.
The worm is severely wounded.
The worm bites you.
You hit the worm.
The worm is almost dead.
The worm closely misses you.
You hit the worm.
You kill the worm!
You hit the worm but do no damage. The worm bites you.
You hit the worm.
The worm is moderately wounded.
You hit the worm.
The worm is moderately wounded.
The worm bites you!
You barely miss the worm.
The worm is moderately wounded.
The worm closely misses you.
You hit the worm.
The worm is moderately wounded.
You hit the worm but do no damage.
The worm is moderately wounded.
The worm bites you but does no damage.
You hit the worm but do no damage.
The worm is moderately wounded.
You hit the worm.
The worm is heavily wounded.
The worm bites you.
You die...

#.. ...... #.#
###### #.# #.# #.#
###.######
#........#
#########.#.####.#
#..w@.....#.# #.#
.....#########.#
#.# ... #.# #.####
. #.# #..... ...
####### .#.
....... . .
#######


You could see a worm.

Vanquished Creatures
  2 worms (D:2)
  A dart slug (D:1)
  3 ball pythons (D:1)
  6 endoplasms
  A giant cockroach (D:2)
  5 hobgoblins (D:1)
  5 jackals (D:1)
  3 quokkas (D:1)
  3 bats
  2 frilled lizards (D:1)
  5 goblins (D:1)
  3 kobolds
  A rat (D:2)
40 creatures vanquished.

Notes
Turn   | Place    | Note
-------+----------+-------------------------------------------
     0 | D:1      | qw the Ogre Enchanter began the quest for the Orb.
     0 | D:1      | Reached XP level 1. HP: 16/16 MP: 3/3
     0 | D:1      | 0 ||| qw: Version: 0.1-a-102-g441f92d
     0 | D:1      | 0 ||| qw: Game counter: 5296
     0 | D:1      | 0 ||| qw: Always use a shield: true
     0 | D:1      | 0 ||| qw: God list: Okawaru
     0 | D:1      | 0 ||| qw: Allow faded altars: false
     0 | D:1      | 0 ||| qw: Do Orc after D:15 true
     0 | D:1      | 0 ||| qw: Do second Lair branch before Depths: true
     0 | D:1      | 0 ||| qw: Lair rune preference: random
     0 | D:1      | 0 ||| qw: Plans: Normal
     0 | D:1      | 0 ||| PLANNING D:1-11
    11 | D:1      | 11 ||| Stepping ~*~*~tactically~*~*~ (hiding).
    13 | D:1      | 13 ||| Stepping ~*~*~tactically~*~*~ (hiding).
    23 | D:1      | Reached skill level 1 in Axes
   123 | D:1      | 123 ||| Stepping ~*~*~tactically~*~*~ (stealth).
   128 | D:1      | 128 ||| Stepping ~*~*~tactically~*~*~ (outnumbered).
   138 | D:1      | Reached skill level 1 in Fighting
   288 | D:1      | Reached XP level 2. HP: 27/27 MP: 5/5
   299 | D:1      | 299 ||| Stepping ~*~*~tactically~*~*~ (stealth).
   524 | D:1      | 524 ||| SWAPPING to +0 club.
   525 | D:1      | 525 ||| DROPPING +1 dagger.
   544 | D:1      | 544 ||| Stepping ~*~*~tactically~*~*~ (stealth).
   545 | D:1      | 545 ||| Stepping ~*~*~tactically~*~*~ (stealth).
  1066 | D:1      | 1066 ||| Stepping ~*~*~tactically~*~*~ (outnumbered).
  1073 | D:1      | HP: 5/27 [jackal (3)]
  1074 | D:1      | Reached XP level 3. HP: 7/35 MP: 6/6
  1079 | D:1      | HP: 3/35 [hobgoblin (2)]
  1153 | D:1      | 1153 ||| Stepping ~*~*~tactically~*~*~ (stealth).
  1156 | D:1      | 1156 ||| Stepping ~*~*~tactically~*~*~ (stealth).
  1175 | D:1      | HP: 6/35 [frozen (5)]
  1457 | D:1      | 1457 ||| Stepping ~*~*~tactically~*~*~ (outnumbered).
  1459 | D:1      | 1459 ||| Stepping ~*~*~tactically~*~*~ (outnumbered).
  1574 | D:1      | 1574 ||| SWAPPING to +0 short sword.
  1575 | D:1      | 1575 ||| DROPPING +0 club.
  1638 | D:1      | 1638 ||| SWAPPING to +0 whip.
  1639 | D:1      | 1639 ||| DROPPING +0 short sword.
  1808 | D:1      | Found a faded altar of an unknown god.
  2223 | D:1      | 2223 ||| DROPPING 2 potions of invisibility.
  2255 | D:2      | 2255 ||| STAIRDANCE
  2329 | D:2      | 2329 ||| STAIRDANCE
  2359 | D:2      | 2359 ||| STAIRDANCE
  2751 | D:2      | 2751 ||| Stepping ~*~*~tactically~*~*~ (stealth).
  2754 | D:2      | 2754 ||| Stepping ~*~*~tactically~*~*~ (stealth).
  2756 | D:2      | 2756 ||| Stepping ~*~*~tactically~*~*~ (stealth).
  2831 | D:2      | HP: 5/35 [worm (10)]
  2836 | D:2      | Slain by a worm

Levels and vault maps discovered:
D:1:      ncdulo_lavacross, layout_basic, basic_ecumenical_altar
D:2:      layout_loops_ring

Skill      XL: |  1  2  3 |
---------------+----------+-----
Axes           | 1 2 |  2.9
Fighting       | 1 2 |  2.0
Short Blades   | |  0.8
Dodging        | |  1.7
Stealth        | |  2.1
Spellcasting   | |  2.4
Hexes          | |  2.6

Action                   || total
-------------------------++-------
Melee: Dagger            ||    46
       Club              ||    79
       Whip              ||    93
       Short sword       ||     4
Armor: Robe              ||    70
Dodge: Dodged            ||   109

Table legend:
 A = Non-vault XP
 B = Vault XP
 C = Vault XP percentage of total XP
 D = Non-vault monster count
 E = Vault monster count
 F = Vault count percentage of total count
                 A         B        C        D         E       F
            +---------+---------+-------+---------+---------+-------
      Total |      77 |       0 |   0.0 |      40 |       0 |   0.0
            +---------+---------+-------+---------+---------+-------
        D:1 |      58 |       0 |   0.0 |      32 |       0 |   0.0
        D:2 |      19 |       0 |   0.0 |       8 |       0 |   0.0
            +---------+---------+-------+---------+---------+-------
